 Dungeon Crawl Stone Soup version 0.30-a0-1043-g60ff8d5f49 (webtiles) character file.

Game seed: 8970677719470094139

127 NateTC the Trooper (level 4, -3/41 HPs)
             Began as a Draconian Fighter on Apr 10, 2023.
             Slain by a cerulean imp
             ... wielding a +2 spear
             ... summoned by Natasha
              (5 damage)
             ... on level 3 of the Dungeon.
             The game lasted 00:03:13 (1811 turns).

NateTC the Trooper (Draconian Fighter)              Turns: 1811, Time: 00:03:13

Health: -3/41      AC:  5    Str: 20    XL:     4   Next: 85%
Magic:  4/4        EV: 12    Int:  9    God:
Gold:   118        SH:  4    Dex: 10    Spells: 3/3 levels left

rFire   . . .      SeeInvis .    a - +0 long sword
rCold   . . .      Faith    .    b - +0 buckler
rNeg    . . .      Spirit   .    (body armour unavailable)
rPois   .          Reflect  .    (helmet restricted)
rElec   .          Rampage  .    (no cloak)
rCorr   .                        (no gloves)
Will    .....                    (no boots)
Stlth   +                        (no amulet)
HPRegen 0.26/turn                (no ring)
MPRegen 0.09/turn                (no ring)

@: slowed, very slow
A: AC +5, unfitting armour, cold-blooded
a: no special abilities


You were on level 3 of the Dungeon.
You visited 1 branch of the dungeon, and saw 3 of its levels.

You collected 118 gold pieces.

Inventory:

Hand Weapons
 a - a +0 long sword (weapon)
Armour
 b - a +0 buckler (worn)
Scrolls
 e - 3 scrolls of fear
Potions
 c - a potion of might
 d - a potion of attraction {unknown}
 f - 2 potions of cancellation {unknown}
 h - a potion of curing {unknown}
 j - a potion of magic {unknown}
 k - a potion of heal wounds {unknown}


   Skills:
 * Level 4.8 Fighting
 - Level 2.3 Long Blades
 - Level 2.6 Dodging
 * Level 4.3 Shields


You had 3 spell levels left.
You didn't know any spells.
Your spell library contained the following spells:

 Spells                   Type           Power      Damage    Failure   Level
 Scorch                   Fire           0%         2d5       61%         2
 Static Discharge         Conj/Air       0%         2-2/arc   61%         2
 Spellforged Servitor     Conj/Summ      0%         N/A       100%        7
 Chain Lightning          Conj/Air       0%         N/A       100%        9


Dungeon Overview and Level Annotations

Branches:
Dungeon (3/15) Zot: 16053

Altars:
Vehumet

Shops:
D:1 (

Annotations:
D:3 Natasha


Innate Abilities, Weirdness & Mutations

Your plain brown scales are hard. (AC +5)
You cannot fit into any form of body armour.
You are cold-blooded and may be slowed by cold attacks.


Message History

The cerulean imp disappears in a puff of smoke!
Found a scroll labelled IZINIC VENA FUOTE.
You see here the felid corpse of Natasha.
You start resting.
Natasha, Servant of Life and Death comes into view.
Natasha stares at you and mumbles some strange words.
The magic dart hits you.
* * * LOW HITPOINT WARNING * * *
Natasha casts a spell at you. The magic dart hits you.
* * * LOW HITPOINT WARNING * * *
Natasha stares at you and mumbles some strange words.
The magic dart hits you.
* * * LOW HITPOINT WARNING * * *
Okay, then.
As you read the scroll of teleportation, it crumbles to dust.
You feel strangely unstable.
A kobold comes into view. It is wielding a +0 club.
The kobold shouts!
Natasha mumbles some strange words.
Your surroundings suddenly seem different.
A hobgoblin comes into view.
There are monsters nearby!
The hobgoblin closely misses you.
You closely miss the hobgoblin.
Your tail-slap misses the hobgoblin.
The cerulean imp hits you from afar with a +2 spear.
* * * LOW HITPOINT WARNING * * *
The hobgoblin hits you.
* * * LOW HITPOINT WARNING * * *
The cerulean imp hits you but does no damage.
You block the hobgoblin's attack.
You hit the hobgoblin.
The hobgoblin is heavily wounded.
The cerulean imp hits you but does no damage.
The hobgoblin barely misses you. The cerulean imp barely misses you.
You block the hobgoblin's attack.
You closely miss the hobgoblin.
The hobgoblin is heavily wounded.
The cerulean imp hits you from afar with a +2 spear.
You die...

.... .K# ... ..# #.##
#.# #
#########..######.# ###
#..............##.###..
#....?.........##.##..#
#......=....†..##.##.##
#.......5......##.##.#
#....g@.##.....##h...#
#.......###......>####
#.......# #....####
######### #....# ######


You could see a cerulean imp (summoned) and a hobgoblin.

Vanquished Creatures
  Natasha (twice) (D:3)
  2 adders
  A worm (D:2)
  A dart slug (D:2)
  3 orcs (D:3)
  2 ball pythons
  7 bats
  3 endoplasms
  A giant cockroach (D:2)
  3 goblins
  6 hobgoblins
  4 jackals (D:2)
  2 kobolds
  3 quokkas
  7 frilled lizards
  6 rats (D:1)
53 creatures vanquished.

Vanquished Creatures (others)
  15 plants
15 creatures vanquished.

Grand Total: 68 creatures vanquished

Notes
Turn   | Place    | Note
-------+----------+-------------------------------------------
     0 | D:1      | NateTC the Draconian Fighter began the quest for the Orb.
     0 | D:1      | Reached XP level 1. HP: 19/19 MP: 1/1
   146 | D:1      | Reached XP level 2. HP: 25/26 MP: 2/2
   294 | D:1      | Found Ydawkekh's Antique Weapon Shop.
   845 | D:2      | Reached XP level 3. HP: 33/33 MP: 3/3
   926 | D:2      | Got the Meditations on the Bonfire and Combat Magic
  1031 | D:2      | Found a faded altar of an unknown god.
  1610 | D:3      | Noticed Natasha
  1615 | D:3      | Killed Natasha
  1616 | D:3      | Reached XP level 4. HP: 36/41 MP: 4/4
  1648 | D:3      | Found a radiant altar of Vehumet.
  1764 | D:3      | Noticed Natasha
  1789 | D:3      | Killed Natasha
  1795 | D:3      | Noticed Natasha
  1799 | D:3      | HP: 2/41 [Natasha/magic dart (6)]
  1809 | D:3      | HP: 1/41 [hobgoblin (2)]
  1811 | D:3      | Slain by a cerulean imp

Illustrated notes

Levels and vault maps discovered:
D:1:      lightli_arrival_boilingwater, layout_basic, serial_shops, shop_statue,
          serial_bayou_lake_a
D:2:      layout_basic, shapermc_ecumenical_altar_acropolis
D:3:      layout_basic, grunt_temple_overflow_opulence,
          nicolae_vehumet_radiance, solitary_fountain, uniq_natasha, uniq_robin

Skill      XL: |  1  2  3 |
---------------+----------+-----
Fighting       | 4 |  4.8
Shields        | 4 |  4.3
Long Blades    | |  2.3
Dodging        | |  2.6

Action                     |  1- 3 |  4- 6 || total
---------------------------+-------+-------++-------
  Melee: Long sword        |   143 |    50 ||   193
         Tailslap          |     6 |     5 ||    11
    Use: Scroll            |     5 |     1 ||     6
   Stab: Sleeping          |     1 |       ||     1
 Armour: Skin              |    43 |    21 ||    64
  Dodge: Dodged            |   116 |    47 ||   163
  Block: Buckler           |    28 |    15 ||    43

Table legend: (Time is in decaauts)
 A = Elapsed time spent in this place.
 B = Non-inter-level travel time spent in this place.
 C = Inter-level travel time spent in this place.
 D = Time resting spent in this place.
 E = Time spent auto-exploring this place.
 F = Levels seen in this place.
 G = Mean time per level.
                   A        B        C        D        E       F      G
               +--------+--------+--------+--------+--------+-----+--------+
         Total |   1945 |   1907 |     38 |      7 |   1432 |   3 |  648.3 |
       Dungeon |   1945 |   1907 |     38 |      7 |   1432 |   3 |  648.3 |
               +--------+--------+--------+--------+--------+-----+--------+

Top non-repeatable levels by time:
     D:1: 897 daAuts
     D:2: 799 daAuts
     D:3: 248 daAuts
